 Dungeon Crawl Stone Soup version 0.28.0-47-ge53b351184 (webtiles) character file.

Game seed: 6553504630508915612

2025447 maxonian the Slayer (level 27, 211/211 HPs)
             Began as a Formicid Earth Elementalist on May 5, 2022.
             Was the Champion of Cheibriados.
             Escaped with the Orb
             ... and 4 runes on May 7, 2022!
             The game lasted 07:40:19 (88860 turns).

maxonian the Slayer (Formicid Earth Elementalist)  Turns: 88860, Time: 07:40:20

Health: 211/211    AC: 15    Str: 35    XL:     27
Magic:  44/44      EV: 25    Int: 49    God:    Cheibriados [******]
Gold:   4005       SH: 41    Dex: 38    Spells: 3/70 levels left

rFire   + + .      SeeInvis +   b - +9 lajatang of Misery {vorpal, *Rage rElec Dex+4}
rCold   + + +      Faith    .   H - +8 tower shield of Kleptomania {rN+}
rNeg    + . .      Spirit   .   g - +4 skin of Zhor {*Englaciate rC+++ SInv}
rPois   .          Reflect  +   (helmet unavailable)
rElec   +          Harm     .   p - scarf {repulsion}
rCorr   +          Rampage  .   j - +2 pair of gloves {Stlth+}
Will    +++..                   P - +2 pair of boots {Stlth+}
Stlth   ++........              i - amulet "Pidghiemn" {Reflect rF+ rCorr Str+3 Dex+4 SH+5}
HPRegen 0.45/turn               z - ring "Mopti" {Fly rF+ Will+ Str+3 Dex+6}
MPRegen 0.29/turn               Q - +6 ring of intelligence

@: flying, repel missiles, very slow
A: permanent stasis, dig shafts and tunnels, antennae 3, four strong arms,
iridescent scales 1, clumsy 1, cold resistance 1, frail 1, low MP 1, screaming
1, sturdy frame 1
0: Orb of Zot
}: 4/15 runes: barnacled, slimy, silver, gossamer
a: Dig, Shaft Self, Renounce Religion, Bend Time, Temporal Distortion, Slouch,
Step From Time


You escaped.
You worshipped Cheibriados.
Cheibriados was exalted by your worship.
You visited 11 branches of the dungeon, and saw 54 of its levels.
You visited 1 bazaar.
You also visited: Ice Cave.

You collected 9803 gold pieces.
You spent 5798 gold pieces at shops.

Inventory:

Hand Weapons
 b - the +9 lajatang of Misery (weapon) {vorpal, *Rage rElec Dex+4}
   (You bought it in a shop on level 2 of the Shoals)

   It inflicts extra damage upon your enemies.
   Dex:       It affects your dexterity (+4).
   rElec:     It insulates you from electricity.
   *Rage:     It berserks you when you make melee attacks (+20% chance).
 Z - a +6 longbow of freezing
   (You bought it in a shop on level 3 of the Dungeon)
Missiles
 k - 5 throwing nets
 x - 1312 arrows
Armour
 g - the +4 skin of Zhor (worn) {*Englaciate rC+++ SInv}
   (You found it in an ice cave)

   It radiates cold, occasionally slowing all nearby creatures who are not
   resistant to cold.
   rC:        It renders you almost immune to cold.
   SInv:      It lets you see invisible.
 j - a +2 pair of gloves of stealth (worn)
   (You bought it in a shop in a bazaar)
 p - a scarf of repulsion (worn)
   (You found it on level 4 of the Spider Nest)
 t - a scarf of resistance
   (You bought it in a shop on level 1 of the Vaults)
 B - the +6 scale mail of Zin's Hope {Int+4}
   (You found it on level 2 of the Depths)

   Int:       It affects your intelligence (+4).
 H - the +8 tower shield of Kleptomania (worn) {rN+}
   (You acquired it on level 6 of the Lair of Beasts)

   rN:        It protects you from negative energy.
 P - a +2 pair of boots of stealth (worn)
   (You found it on level 2 of the Lair of Beasts)
 S - the +5 ring mail of Analysis {rElec Int+3}
   (You found it on level 1 of the Depths)

   Int:       It affects your intelligence (+3).
   rElec:     It insulates you from electricity.
Magical Staves
 a - a staff of conjuration
   (You found it on level 2 of the Dungeon)
 C - a staff of fire
   (You found it on level 10 of the Dungeon)
 I - a staff of cold
   (You found it on level 8 of the Dungeon)
 X - a staff of poison
   (You found it on level 11 of the Dungeon)
Jewellery
 e - the ring of Funon {+Blink rC+ Dex+3}
   (You bought it in a shop in a bazaar)

   [ring of protection from cold]

   Dex:       It affects your dexterity (+3).
   rC:        It protects you from cold.
   +Blink:    It lets you blink.
 i - the amulet "Pidghiemn" (around neck) {Reflect rF+ rCorr Str+3 Dex+4 SH+5}
   (You took it off a tengu reaver on level 5 of the Vaults)

   [amulet of reflection]

   It reflects blocked missile attacks.
   Str:       It affects your strength (+3).
   Dex:       It affects your dexterity (+4).
   rF:        It protects you from fire.
   rCorr:     It protects you from acid and corrosion.
   SH:        It affects your SH (+5).
 w - the ring "Rauj" {Ice Will+ Str+8 Int-3}
   (You took it off a deep elf high priest on level 3 of the Elven Halls)

   [ring of ice]

   It enhances your ice magic.
   Str:       It affects your strength (+8).
   Int:       It affects your intelligence (-3).
   rF:        It makes you vulnerable to fire.
   rC:        It protects you from cold.
   Will:      It increases your willpower.
 z - the ring "Mopti" (left hand) {Fly rF+ Will+ Str+3 Dex+6}
   (You took it off a yaktaur on level 2 of the Vaults)

   [ring of dexterity]

   Str:       It affects your strength (+3).
   Dex:       It affects your dexterity (+6).
   rF:        It protects you from fire.
   Fly:       It grants you flight.
   Will:      It increases your willpower.
 M - the ring of Urary {Ice Will- rCorr Int+2}
   (You found it in an ice cave)

   [ring of ice]

   It enhances your ice magic.
   Int:       It affects your intelligence (+2).
   rF:        It makes you vulnerable to fire.
   rC:        It protects you from cold.
   rCorr:     It protects you from acid and corrosion.
   Will:      It decreases your willpower.
 Q - a +6 ring of intelligence (right hand)
   (You found it on level 7 of the Dungeon)
 R - the ring of Iteot {Wiz rC- Int+4 Dex+9}
   (You found it on level 3 of the Depths)

   [ring of wizardry]

   It improves your spell success rate.
   Int:       It affects your intelligence (+4).
   Dex:       It affects your dexterity (+9).
   rC:        It makes you vulnerable to cold.
 U - an amulet of magic regeneration
   (You bought it in a shop on level 3 of the Dungeon)
Wands
 l - a wand of acid (23)
   (You found it on level 2 of the Lair of Beasts)
 r - a wand of digging (30)
   (You found it on level 7 of the Dungeon)
 O - a wand of flame (7)
   (You found it on level 3 of the Realm of Zot)
Scrolls
 s - 9 scrolls of magic mapping
 u - a scroll of enchant armour
 y - 8 scrolls of fog
 A - 3 scrolls of summoning
 E - 12 scrolls of fear
 F - 3 scrolls of immolation
 V - 6 scrolls of holy word
Potions
 d - 19 potions of heal wounds
 f - 5 potions of cancellation
 h - 5 potions of flight
 n - 4 potions of brilliance
 q - 4 potions of invisibility
 v - 3 potions of attraction
 D - 6 potions of might
 G - 4 potions of mutation
 J - 7 potions of magic
 K - 17 potions of ambrosia
 L - 3 potions of resistance
 N - 27 potions of curing
 T - 5 potions of lignification
Miscellaneous
 c - a box of beasts
   (You found it on level 1 of the Shoals)
 m - a phantom mirror
   (You found it in an ice cave)
 o - a phial of floods
   (You found it on level 2 of the Lair of Beasts)
 W - a condenser vane
   (You found it on level 5 of the Vaults)
 Y - a condenser vane
   (You found it on level 3 of the Depths)


   Skills:
 + Level 23.1 Fighting
 - Level 14.0 Staves
 - Level 6.4 Armour
 - Level 10.0 Dodging
 - Level 5.0 Stealth
 - Level 20.0 Shields
 - Level 22.2 Spellcasting
 - Level 14.0 Conjurations
 - Level 13.4 Summonings
 - Level 10.0 Necromancy
 - Level 6.0 Translocations
 - Level 10.0 Transmutations
 - Level 7.0 Fire Magic
 - Level 15.1 Ice Magic
 - Level 4.6 Air Magic
 - Level 20.0 Earth Magic
 - Level 8.5 Poison Magic
 - Level 11.4 Invocations


You had 3 spell levels left.
You knew the following spells:

 Your Spells              Type           Power      Damage    Failure   Level
a - Spellforged Servitor  Conj/Summ      56%        N/A       1%          7
b - Lehudib's Crystal Sp  Conj/Erth      60%        10d14     3%          8
d - Olgreb's Toxic Radia  Pois           95%        N/A       1%          4
e - Sandblast             Erth           100%       2d20      0%          1
f - Ignite Poison         Fire/Tmut/Pois 95%        N/A       1%          3
g - Iskenderun's Battles  Conj           100%       2d15      1%          5
h - Freezing Cloud        Conj/Ice/Air   52%        6-21      1%          5
i - Summon Forest         Summ/Tloc      49%        N/A       1%          5
j - Apportation           Tloc           100%       N/A       1%          1
k - Statue Form           Tmut/Erth      77%        N/A       1%          6
l - Passwall              Tmut/Erth      96%        N/A       0%          2
m - Irradiate             Conj/Tmut      53%        3d31      1%          5
n - Sublimation of Blood  Necr           100%       N/A       0%          2
o - Ozocubu's Refrigerat  Ice            58%        4d16      1%          7
p - Iron Shot             Conj/Erth      60%        9d11      1%          6

Your spell library contained the following spells:

 Spells                   Type           Power      Damage    Failure   Level
 Animate Skeleton         Necr           100%       N/A       0%          1
 Beastly Appendage        Tmut           100%       N/A       0%          1
 Magic Dart               Conj           100%       1d8       0%          1
 Pain                     Necr           100%       1d9       0%          1
 Shock                    Conj/Air       100%       1d9       0%          1
 Summon Small Mammal      Summ           100%       N/A       0%          1
 Call Imp                 Summ           100%       N/A       0%          2
 Static Discharge         Conj/Air       98%        N/A       0%          2
 Wereblood                Tmut           100%       N/A       0%          2
 Call Canine Familiar     Summ           100%       N/A       0%          3
 Frozen Ramparts          Ice            100%       1d12      0%          3
 Stone Arrow              Conj/Erth      100%       3d13      0%          3
 Ensorcelled Hibernation  Hex/Ice        100%       N/A       1%          2
 Scorch                   Fire           100%       2d10      1%          2
 Conjure Flame            Conj/Fire      100%       6-21      1%          3
 Dazzling Flash           Conj/Hex       100%       N/A       1%          3
 Gell's Gravitas          Tloc           85%        N/A       1%          3
 Lesser Beckoning         Tloc           85%        N/A       1%          3
 Mephitic Cloud           Conj/Pois/Air  97%        N/A       1%          3
 Spider Form              Tmut/Pois      98%        N/A       1%          3
 Summon Guardian Golem    Hex/Summ       88%        N/A       1%          3
 Teleport Other           Tloc           85%        N/A       1%          3
 Tukima's Dance           Hex            53%        N/A       1%          3
 Vampiric Draining        Necr           100%       2d13      1%          3
 Animate Armour           Summ/Erth      100%       N/A       0%          4
 Hailstorm                Conj/Ice       100%       3d20      0%          4
 Petrify                  Tmut/Erth      100%       N/A       0%          4
 Summon Ice Beast         Ice/Summ       100%       N/A       0%          4
 Lee's Rapid Deconstruct  Erth           64%        3d30*     0%          5
 Airstrike                Air            39%        N/A       1%          4
 Anguish                  Hex/Necr       40%        N/A       1%          4
 Flame Wave               Conj/Fire      100%       2d17      1%          4
 Ice Form                 Ice/Tmut       100%       N/A       1%          4
 Leda's Liquefaction      Hex/Erth       50%        N/A       1%          4
 Passage of Golubria      Tloc           85%        N/A       1%          4
 Sticky Flame             Conj/Fire      100%       2d11      1%          4
 Agony                    Necr           100%       N/A       1%          5
 Alistair's Intoxication  Tmut/Pois      65%        N/A       1%          5
 Blade Hands              Tmut           50%        N/A       1%          5
 Borgnjor's Vile Clutch   Necr/Erth      58%        N/A       1%          5
 Excruciating Wounds      Necr           50%        N/A       1%          5
 Fireball                 Conj/Fire      51%        3d20      1%          5
 Lightning Bolt           Conj/Air       49%        1d69      1%          5
 Manifold Assault         Tloc           85%        N/A       1%          5
 Metabolic Englaciation   Hex/Ice        45%        N/A       1%          5
 Summon Mana Viper        Hex/Summ       88%        N/A       1%          5
 Yara's Violent Unravell  Hex/Tmut       40%        3d16      1%          5
 Conjure Ball Lightning   Conj/Air       49%        3x3d17    1%          6
 Eringya's Noxious Bog    Tmut/Pois      49%        N/A       1%          6
 Summon Cactus Giant      Summ           55%        N/A       1%          6
 Orb of Destruction       Conj           56%        9d14      1%          7
 Summon Hydra             Summ           55%        N/A       1%          7
 Silence                  Hex/Air        33%        N/A       4%          5
 Dispersal                Tloc           42%        N/A       6%          6
 Dragon Form              Tmut           50%        N/A       7%          7
 Ignition                 Fire           44%        3d13      87%         8
 Disjunction              Tloc           42%        N/A       95%         8
 Maxwell's Capacitive Co  Air            39%        ∞         99%         8
 Discord                  Hex            26%        N/A       100%        8
 Blink                    Tloc           Unusable   N/A       N/A         2
 Swiftness                Air            Unusable   N/A       N/A         3

Dungeon Overview and Level Annotations

Branches:
Dungeon (15/15)            Temple (1/1) D:5            Lair (6/6) D:9
 Shoals (4/4) Lair:3       Spider (4/4) Lair:2        Slime (5/5) Lair:5
    Orc (2/2) D:12            Elf (3/3) Orc:2        Vaults (5/5) D:14
  Crypt (0/3) Vaults:3     Depths (4/4) D:15            Zot (5/5) Depths:4
  IceCv (visited)

Altars:
Ashenzari
Cheibriados
Dithmenos
Elyvilon
Fedhas
Gozag
Hepliaklqana
Kikubaaqudgha
Makhleb
Nemelex Xobeh
Okawaru
Qazlal
Ru
Sif Muna
Trog
Uskayaw
Vehumet
Wu Jian
Xom
Yredelemnul
Zin
The Shining One
Ignis
Jiyva

Shops:
D:3 :(=   Orc:1 :   Orc:2 ==*[(   Shoals:2 *   Shoals:4 *   Vaults:1 [
Depths:1 =

Portals:
Hell: Depths:1 Depths:2 Depths:3 Depths:4
Abyss: Depths:3
Pandemonium: Depths:2
Ziggurat: Depths:3

Annotations:
Shoals:2 1 runed translucent door, Sobaton's ghost, journeyman MiFi


Innate Abilities, Weirdness & Mutations

You cannot be hasted, slowed, berserked, paralysed or teleported.
You can dig through walls and to a lower floor.
You have a pair of large antennae on your head. (SInv)
Your four strong arms can wield two-handed weapons with a shield.
You are partially covered in iridescent scales. (AC +2)
You are clumsy. (Dex -2)
Your flesh is cold resistant. (rC+)
You are frail. (-10% HP)
Your magical capacity is low. (-10% MP)
You occasionally shout uncontrollably at your foes.
Your movements are slightly less encumbered by armour. (ER -2)


Message History

Magic restored.
You continue meditating on the rock.
You finish merging with the rock.
Casting: Passwall (safe; 0% risk of failure)
Confirm with . or Enter, or press ? or * to list all spells.
Okay, then.
There is a stone staircase leading up here.
You fly upwards.
There is a stone staircase leading down here.
Casting: Passwall (safe; 0% risk of failure)
Confirm with . or Enter, or press ? or * to list all spells.
Aiming: Passwall (safe; 0% risk of failure)
Press: ? - help, Dir - move target A rock wall.
This square is covered in magical glow.
You begin to meditate on the wall.
You continue meditating on the rock. x4
You finish merging with the rock.
There is a stone staircase leading up here.
You fly upwards.
The kobold shouts!
There is a stone staircase leading down here.
You see here a +0 short sword.
Unknown command.
You can't go up here!
Unknown command.
Unknown command.
The crystal spear hits the kobold!!!
You kill the kobold!
Cheibriados thoroughly appreciates the change of pace.
Unknown command.
Casting: Lehudib's Crystal Spear (dangerous; 3% risk of failure)
Confirm with . or Enter, or press ? or * to list all spells.
Aiming: Passwall (safe; 0% risk of failure)
Press: ? - help, Dir - move target A rock wall.
This square is covered in magical glow.
You begin to meditate on the wall.
You continue meditating on the rock. x8
You finish merging with the rock.
Casting: Passwall (safe; 0% risk of failure)
Confirm with . or Enter, or press ? or * to list all spells.
Aiming: Passwall (safe; 0% risk of failure)
Press: ? - help, Dir - move target A rock wall.
This square is covered in magical glow.
You begin to meditate on the wall.
You continue meditating on the rock. x6
Magic restored.
You continue meditating on the rock.
You finish merging with the rock.
There is a staircase leading out of the dungeon here.
You have escaped!

###..................[...###
##...##.####.####.####.##...##
#..###...##...##...##...###.)#
#.## #.⌠.##.⌠.##.⌠.##.⌠.# ##.#
#.####...##...##...##...####.#
#...###.####.####.####.###...#
###.⌠.###.####.####.####.###.⌠.#
..#.........................)..#
#.##†##.........@..........##.##
#.#............................#
#.#.⌠.###.####.####.####.###.⌠.#
#.#...###.####.####.####.###...#
..#.####...##...##...##...####.#
..#†## #.⌠.##.⌠.##.⌠.##.⌠.# ##.#
..#..###...##...##...##...###..##
#.##....#.####.####.####.##...##.
..####......................####.


There were no monsters in sight!

Vanquished Creatures
  the Royal Jelly (Slime:5)
  A seraph (Zot:3)
  3 dread liches
  8 orbs of fire
  An ancient lich (Depths:3)
  2 juggernauts
  A shard shrike (Zot:1)
  2 Killer Klowns (Zot:5)
  Saint Roka (Elf:2)
  A curse toe (Zot:5)
  16 golden dragons
  A bone dragon (Zot:2)
  3 electric golems
  13 tentacled monstrosities
  An Ice Fiend (Zot:1)
  Rupert (D:14)
  2 deep elf blademasters
  A pandemonium lord (Zot:5)
  2 liches
  20 Orb Guardians (Zot:5)
  8 quicksilver dragons
  Mlioglotl (Shoals:1)
  A walking earthen tome (Depths:2)
  3 titans (Vaults:5)
  A walking divine tome (Depths:2)
  4 death cobs
  2 deep elf master archers (Elf:3)
  Polyphemus (Shoals:2)
  24 acid blobs
  9 sphinxes
  Ilsuiw (Shoals:2)
  Kirke (Shoals:2)
  13 storm dragons
  6 tengu reavers
  15 shadow dragons
  14 azure jellies
  10 rockslimes
  2 draconian knights
  5 fire giants
  5 draconian monks
  2 draconian scorchers
  Louise (Shoals:1)
  3 iron dragons (Depths:3)
  7 ghost moths
  9 deep elf sorcerers
  13 vault wardens
  7 emperor scorpions (Spider:4)
  2 juggernaut zombies
  4 frost giants
  4 spectral juggernauts (Depths:3)
  An orc warlord (Vaults:1)
  2 draconian shifters
  2 spriggan defenders (Depths:3)
  4 spectral caustic shrikes
  6 deep elf elementalists (Elf:3)
  8 draconian annihilators
  2 broodmothers (Spider:2)
  11 quicksilver oozes
  A caustic shrike skeleton (Depths:2)
  10 ironbound thunderhulks
  3 draconian stormcallers
  18 ironbound preservers
  A reaper (Depths:2)
  49 very ugly things
  2 war gargoyles (Vaults:5)
  19 stone giants
  6 vampire knights
  3 spectral titans (Depths:3)
  3 purple draconians
  6 black draconians
  3 deep elf demonologists
  12 red draconians
  10 yellow draconians
  11 green draconians
  6 deep elf annihilators
  14 white draconians
  6 entropy weavers
  8 dire elephants
  8 spark wasps
  2 eidola (Depths:3)
  13 ettins
  Josephine (D:10)
  Snorg (D:12)
  A green death (Zot:1)
  3 spectral golden dragons (Depths:3)
  2 crystal guardians (Vaults:1)
  7 merfolk impalers
  7 fire dragons
  11 yaktaur captains
  A spectral quicksilver dragon (Depths:3)
  5 deep elf death magi
  5 great orbs of eyes
  A jiangshi (Vaults:3)
  5 merfolk javelineers (Shoals:4)
  2 spectral spriggans (Depths:3)
  7 deep elf high priests
  8 hydras
  9 ice dragons
  A spectral shadow dragon (Depths:3)
  26 vault guards
  A spectral fire giant (Depths:3)
  A spectral tengu (Depths:3)
  A spriggan air mage (Depths:2)
  A juggernaut simulacrum (Depths:3)
  2 peacekeepers
  3 ogre magi
  Erolcha (D:10)
  A catoblepas (Shoals:1)
  2 jorogumos
  4 boulder beetles
  3 caustic shrike simulacra (Depths:3)
  A radroach (Spider:4)
  11 ironbound frosthearts
  An anaconda (Lair:1)
  The ghost of H0rd4k the Eclecticist, a journeyman DEWz of Gozag (Lair:2)
  2 death knights
  2 spectral frost giants (Depths:3)
  2 alligators (Lair:1)
  An anaconda (shapeshifter) (Depths:4)
  7 two-headed ogres
  8 centaur warriors
  3 satyrs
  5 merfolk avatars
  3 deep troll shamans
  26 dancing weapons
  5 tengu warriors
  10 merfolk aquamancers
  Urug (Lair:6)
  5 vampire magi
  7 death yaks
  10 deep troll earth magi
  2 spectral storm dragons (Depths:3)
  2 orc high priests (Orc:2)
  4 spriggans
  5 spriggan berserkers
  A storm dragon zombie (Depths:2)
  14 deep elf knights
  7 hell knights
  Sonja (Lair:1)
  An iron troll (shapeshifter) (Vaults:5)
  3 death drakes (Depths:3)
  A cherub (Zot:3)
  6 pharaoh ants
  A skeletal warrior (D:8)
  8 steelbarb worms
  7 iron trolls
  An orb spider (shapeshifter) (D:14)
  12 sea snakes
  8 glowing orange brains
  2 spectral spark wasps (Depths:3)
  11 orb spiders
  6 lindwurms
  5 flayed ghosts
  57 deep trolls
  2 orange crystal statues (Depths:3)
  17 deep elf archers
  A tengu zombie (Vaults:3)
  6 spriggan simulacra (Depths:3)
  9 wizards
  11 phantasmal warriors
  2 swamp dragons (Zot:2)
  24 harpies
  12 ironbound convokers
  10 orc knights
  20 deep elf pyromancers
  A harpy (shapeshifter) (D:13)
  7 necromancers
  22 deep elf zephyrmancers
  A sphinx zombie (Depths:1)
  3 tengu skeletons
  A wolf spider (shapeshifter) (Vaults:5)
  19 wolf spiders
  23 manticores
  12 fauns
  An oklob plant (Lair:4)
  46 ugly things
  2 shining eyes
  An orc sorcerer (D:15)
  2 fire giant zombies
  A moth of wrath (shapeshifter) (Vaults:5)
  14 moths of wrath
  16 cyclopes
  16 elephants
  A salamander (Depths:2)
  2 black mambas
  3 ice statues (IceCv)
  12 merfolk sirens
  6 water nymphs
  A storm dragon simulacrum (Depths:3)
  A rust devil (Depths:2)
  2 titan simulacra (Depths:3)
  13 vault sentinels
  An eye of devastation (Slime:3)
  Maggie (D:7)
  7 torpor snails
  A hellion (Zot:1)
  13 cane toads
  12 komodo dragons
  2 smoke demons
  An unseen horror (D:12)
  5 rime drakes
  21 yaktaurs
  5 demonic crawlers
  2 spectral glowing shapeshifters (Depths:3)
  4 freezing wraiths
  A spectral human (Depths:3)
  A rime drake (shapeshifter) (D:14)
  An efreet (D:15)
  2 ice devils
  2 kobold demonologists (D:12)
  3 entropy weaver simulacra (IceCv)
  2 human skeletons
  7 trolls
  12 meliai
  A meliai (shapeshifter) (D:15)
  A queen bee (Lair:2)
  41 merfolk
  A red devil (Depths:2)
  A troll (shapeshifter) (D:14)
  19 hornets
  12 tarantellas
  A hornet (shapeshifter) (Depths:2)
  10 wind drakes
  4 tengu simulacra (Depths:3)
  3 polar bears
  87 slime creatures
  18 blink frogs
  A sphinx simulacrum (Depths:3)
  13 snapping turtles
  An elf zombie (Vaults:3)
  A raiju (shapeshifter) (D:12)
  2 dream sheep (Shoals:3)
  A human simulacrum (Vaults:3)
  3 air elementals
  A fire giant simulacrum (Depths:2)
  A meliai zombie (D:10)
  26 jumping spiders
  3 vampires
  28 culicivoras
  A spriggan skeleton (Depths:1)
  20 water elementals
  5 hogs
  6 wyverns
  2 shadows
  A spriggan (shapeshifter) (Vaults:5)
  10 wraiths
  45 yaks
  8 basilisks
  3 fire elementals
  A nameless horror (Zot:3)
  A golden eye (Slime:5)
  Menkaure (D:4)
  A yaktaur simulacrum (Vaults:3)
  73 redbacks
  4 steam dragons
  4 vampire mosquitoes (D:12)
  An acid dragon (Zot:2)
  A demonic crawler simulacrum (IceCv)
  25 water moccasins
  3 wargs
  An ice beast (D:6)
  A floating eye (Depths:2)
  Duvessa (D:4)
  44 orc warriors
  3 ugly thing simulacra (IceCv)
  A necrophage (D:6)
  2 black bears
  11 wolves
  3 human zombies
  9 ogres
  4 phantoms
  4 boggarts (D:15)
  A small abomination (Zot:5)
  9 centaurs
  3 kobold brigands
  12 bullfrogs
  2 earth elementals
  2 gnoll sergeants
  10 scorpions
  8 glowing shapeshifter simulacra
  3 troll zombies (D:12)
  Dowan (D:4)
  A water moccasin skeleton (D:5)
  47 killer bees
  11 wights
  4 electric eels
  7 howler monkeys
  3 centaur zombies
  3 hounds
  Crazy Yiuf (D:4)
  18 orc priests
  6 jellies (Depths:1)
  2 bullfrog skeletons (D:6)
  2 centaur skeletons
  2 iguanas
  14 orc wizards
  A killer bee zombie (D:7)
  3 ogre zombies (D:12)
  3 hound skeletons
  A howler monkey zombie (D:10)
  24 gnolls
  8 adders
  14 white imps
  An ufetubus (D:4)
  An adder skeleton (D:4)
  81 orcs
  14 endoplasms
  5 giant cockroaches
  10 hobgoblins
  10 jackals
  4 quokkas
  9 ball pythons
  4 bats
  A frilled lizard (D:3)
  6 goblins
  A goblin zombie (D:12)
  3 hobgoblin zombies (D:12)
  21 kobolds
  An orc skeleton (D:12)
  14 orc zombies (D:12)
  4 rats
  2 snaplasher vines
2355 creatures vanquished.

Vanquished Creatures (collateral kills)
  6 orbs of fire (Zot:5)
  Tiamat (Zot:2)
  3 golden dragons
  An electric golem (Zot:4)
  5 tentacled monstrosities
  2 pandemonium lords
  10 Orb Guardians
  Gastronok (D:10)
  3 death cobs
  6 shadow dragons
  3 storm dragons
  A daeva (Zot:3)
  A draconian monk (Zot:4)
  An ironbound preserver (Vaults:2)
  A red draconian (Zot:5)
  A purple draconian (Zot:5)
  A fire dragon (Zot:4)
  An ice dragon (Zot:4)
  A merfolk aquamancer (Shoals:1)
  A cherub (D:10)
  A shadow demon (Zot:1)
  4 deep trolls (Vaults:2)
  An orc knight (Orc:1)
  An ironbound convoker (Vaults:2)
  An ugly thing (Vaults:2)
  A black mamba (Lair:6)
  A demonic crawler (D:15)
  A hellwing (Zot:3)
  A slime creature (IceCv)
  3 yaks (Lair:6)
  A chaos spawn (Zot:5)
  An orc warrior (Orc:1)
  A wight (D:8)
  An orc wizard (Orc:1)
  An orc (Orc:1)
70 creatures vanquished.

Vanquished Creatures (others)
  A golden dragon (Zot:2)
  A yellow draconian (Zot:3)
  A deep elf zephyrmancer (Elf:2)
  A large abomination (Zot:1)
  2 humans (Shoals:2)
  A floating eye (Depths:3)
  2 bushes (Lair:6)
  95 fungi
  221 plants
325 creatures vanquished.

Grand Total: 2750 creatures vanquished

Notes
Turn   | Place    | Note
-------+----------+-------------------------------------------
     0 | D:1      | maxonian the Formicid Earth Elementalist began the quest
                  | for the Orb.
     0 | D:1      | Reached XP level 1. HP: 13/13 MP: 3/3
   367 | D:1      | Reached XP level 2. HP: 14/20 MP: 3/5
   780 | D:1      | Reached XP level 3. HP: 14/25 MP: 1/6
   936 | D:1      | Reached skill level 1 in Fighting
  1387 | D:1      | Learned a level 3 spell: Stone Arrow
  1390 | D:1      | Learned a level 2 spell: Passwall
  2366 | D:2      | Reached XP level 4. HP: 25/32 MP: 5/7
  3087 | D:2      | Reached skill level 1 in Conjurations
  3156 | D:2      | Noticed a phantom
  3325 | D:2      | Killed a phantom
  3326 | D:2      | Reached skill level 2 in Fighting
  3326 | D:2      | Reached XP level 5. HP: 20/38 MP: 0/9
  3733 | D:3      | Reached XP level 6. HP: 44/44 MP: 8/10
  3809 | D:3      | Found Anulis's Jewellery Boutique.
  4013 | D:3      | Found a faded altar of an unknown god.
  4232 | D:3      | Found Noclo's Antique Weapon Emporium.
  4336 | D:3      | Found Riskoc's Book Shoppe.
  4777 | D:4      | Found a runed translucent door.
  4778 | D:4      | Noticed Crazy Yiuf
  4885 | D:4      | Found a sparkling altar of Nemelex Xobeh.
  5023 | D:4      | Reached XP level 7. HP: 51/51 MP: 8/12
  5092 | D:4      | Reached skill level 5 in Earth Magic
  5581 | D:4      | Noticed Menkaure
  5632 | D:5      | Entered Level 5 of the Dungeon
  5689 | D:5      | Found an ornate altar of the Wu Jian Council.
  5742 | D:5      | Identified the +0 robe "Rodoph" {Rampage rC- Str+3 Stlth+}
  5798 | D:5      | Reached skill level 3 in Fighting
  6022 | D:5      | Found a staircase to the Ecumenical Temple.
  6026 | Temple   | Entered the Ecumenical Temple
  6093 | Temple   | Became a worshipper of Cheibriados the Contemplative
  6803 | D:5      | Reached skill level 5 in Stealth
  6803 | D:5      | Reached XP level 8. HP: 54/58 MP: 6/13
  7059 | D:5      | Reached * piety under Cheibriados
  7499 | D:6      | Reached skill level 4 in Fighting
  7596 | D:6      | Found an iron altar of Okawaru.
  8181 | D:6      | Reached skill level 5 in Conjurations
  8584 | D:6      | Learned a level 4 spell: Petrify
  8614 | D:6      | Reached ** piety under Cheibriados
  8728 | D:6      | Reached XP level 9. HP: 66/66 MP: 12/16
  9032 | D:6      | Reached skill level 5 in Spellcasting
  9068 | D:6      | Reached skill level 5 in Fighting
  9094 | D:6      | Reached skill level 1 in Shields
  9094 | D:6      | Reached skill level 1 in Invocations
  9741 | D:7      | Noticed Maggie
 10444 | D:7      | Killed Maggie
 11032 | D:7      | Found a burning altar of Makhleb.
 11089 | D:7      | Reached skill level 6 in Fighting
 11160 | D:7      | Reached *** piety under Cheibriados
 11161 | D:7      | Reached XP level 10. HP: 76/76 MP: 11/19
 11870 | D:8      | Noticed a skeletal warrior
 11905 | D:8      | Found an ancient bone altar of Kikubaaqudgha.
 11907 | D:8      | Noticed a flayed ghost
 11912 | D:8      | Found a basalt altar of Yredelemnul.
 12392 | D:8      | Found a transporter.
 12395 | D:8      | Found a transporter.
 12894 | D:3      | Bought an amulet of magic regeneration for 390 gold pieces
 13291 | D:9      | Reached **** piety under Cheibriados
 13676 | D:9      | Reached skill level 5 in Shields
 13676 | D:9      | Reached skill level 5 in Transmutations
 13676 | D:9      | Reached skill level 5 in Invocations
 13694 | D:9      | Noticed a komodo dragon
 13699 | D:9      | Killed a komodo dragon
 13700 | D:9      | Reached skill level 7 in Fighting
 13700 | D:9      | Reached skill level 1 in Armour
 13757 | D:9      | Found a staircase to the Lair.
 13955 | D:9      | Found a hide-covered altar of Uskayaw.
 13957 | D:9      | Found a shadowy altar of Dithmenos.
 14394 | D:10     | Entered Level 10 of the Dungeon
 14502 | D:10     | Noticed Erolcha
 14510 | D:10     | Killed Erolcha
 14511 | D:10     | Reached XP level 11. HP: 84/84 MP: 12/21
 14531 | D:10     | Noticed a two-headed ogre
 14538 | D:10     | Killed a two-headed ogre
 14757 | D:10     | Found a white marble altar of Elyvilon.
 14774 | D:10     | Identified a scroll of acquirement
 14775 | D:10     | Acquired a book of Power
 14784 | D:10     | Learned a level 5 spell: Iskenderun's Battlesphere
 15250 | D:10     | Reached skill level 8 in Fighting
 15254 | D:10     | Reached ***** piety under Cheibriados
 15650 | D:10     | Learned a level 3 spell: Ignite Poison
 15654 | D:10     | Learned a level 3 spell: Mephitic Cloud
 15721 | Lair:1   | Entered Level 1 of the Lair of Beasts
 15724 | Lair:1   | Noticed Sonja
 15727 | Lair:1   | Killed Sonja
 15842 | Lair:1   | Reached skill level 1 in Poison Magic
 15977 | Lair:1   | Reached skill level 1 in Fire Magic
 16238 | D:3      | Bought a crystal trident for 238 gold pieces
 16238 | D:3      | Identified the +8 trident of the Fifty Wonders {flame,
                  | Int+4} (You bought it in a shop on level 3 of the Dungeon)
 16430 | Lair:1   | Reached skill level 1 in Air Magic
 16478 | Lair:1   | Noticed an anaconda
 16484 | Lair:1   | Killed an anaconda
 16550 | Lair:1   | Found a snail-covered altar of Cheibriados.
 16775 | Lair:1   | Reached XP level 12. HP: 94/94 MP: 14/24
 16797 | Lair:1   | Learned a level 5 spell: Freezing Cloud
 16915 | Lair:1   | Reached skill level 5 in Armour
 17048 | Lair:1   | Noticed an alligator
 17048 | Lair:1   | Noticed an alligator
 17048 | Lair:1   | Noticed a dire elephant
 17340 | Lair:1   | Killed a dire elephant
 17345 | Lair:1   | Reached skill level 9 in Fighting
 17471 | Lair:1   | Killed an alligator
 17496 | Lair:1   | Killed an alligator
 17750 | Lair:2   | Noticed a five-headed hydra
 17762 | Lair:2   | Killed a five-headed hydra
 17815 | Lair:2   | Reached skill level 1 in Ice Magic
 18128 | Lair:2   | Reached XP level 13. HP: 102/102 MP: 16/26
 18434 | Lair:2   | Reached ****** piety under Cheibriados
 18460 | Lair:2   | Found a hole to the Spider Nest.
 18468 | Lair:2   | Reached skill level 10 in Fighting
 18527 | Lair:2   | Noticed a boulder beetle
 18831 | Lair:2   | Found a large runed translucent door.
 18832 | Lair:2   | Found a large runed translucent door.
 18836 | Lair:2   | Noticed H0rd4k's ghost (journeyman DEWz)
 18844 | Lair:2   | Killed a boulder beetle
 19464 | Lair:3   | Noticed a six-headed hydra
 19472 | Lair:3   | Killed a six-headed hydra
 19892 | Lair:3   | Found a staircase to the Shoals.
 20085 | Lair:3   | Reached skill level 10 in Spellcasting
 20996 | Lair:4   | Reached skill level 5 in Ice Magic
 20996 | Lair:4   | Reached XP level 14. HP: 111/111 MP: 21/28
 21062 | Lair:4   | Reached skill level 10 in Invocations
 21361 | Lair:4   | Reached skill level 11 in Fighting
 21838 | Lair:5   | Found a staircase to the Slime Pits.
 21838 | Lair:5   | Found a viscous altar of Jiyva.
 21899 | Lair:5   | Reached skill level 10 in Shields
 22328 | Lair:5   | Learned a level 5 spell: Summon Forest
 22621 | Lair:6   | Entered Level 6 of the Lair of Beasts
 22808 | Lair:6   | Reached skill level 1 in Summonings
 22808 | Lair:6   | Reached skill level 1 in Translocations
 23710 | Lair:6   | Reached XP level 15. HP: 119/119 MP: 12/30
 23869 | Lair:6   | Noticed Urug
 23876 | Lair:6   | Killed Urug
 24157 | Lair:6   | Acquired the +8 tower shield of Kleptomania {rN+}
 24161 | Lair:6   | Identified the amulet "Deneker" {Faith Drain Str+4 Int+4}
 24841 | D:4      | Noticed Duvessa
 24842 | D:4      | Noticed Dowan
 24845 | D:4      | Killed Duvessa
 24848 | D:4      | Killed Dowan
 24850 | D:4      | Killed Menkaure
 24885 | D:4      | Found an opulent altar of Gozag.
 25121 | D:4      | Killed Crazy Yiuf
 25539 | D:10     | Noticed Josephine
 25544 | D:10     | Killed Josephine
 25546 | D:10     | Reached skill level 5 in Summonings
 25548 | D:10     | Noticed Gastronok
 25555 | D:10     | Killed Gastronok
 25628 | D:10     | Identified the +1 helmet "Jiseiraoq" {+Blink Stlth+}
 26162 | D:11     | Reached skill level 12 in Fighting
 26474 | D:11     | Reached skill level 5 in Translocations
 26656 | D:12     | Found a frozen archway.
 26690 | IceCv    | Entered an ice cave
 27069 | IceCv    | Found the +4 skin of Zhor {*Englaciate rC+++ SInv}
 27072 | IceCv    | Learned a level 1 spell: Apportation
 27542 | IceCv    | Noticed a quicksilver ooze
 27555 | IceCv    | Killed a quicksilver ooze
 27677 | IceCv    | Noticed a quicksilver ooze
 27720 | IceCv    | Killed a quicksilver ooze
 27729 | IceCv    | Noticed a quicksilver ooze
 27731 | IceCv    | Killed a quicksilver ooze
 27743 | IceCv    | Noticed a quicksilver ooze
 27746 | IceCv    | Killed a quicksilver ooze
 27834 | IceCv    | Found a viscous altar of Jiyva.
 27834 | IceCv    | Noticed an azure jelly
 27840 | IceCv    | Killed an azure jelly
 27923 | IceCv    | Got Qurynn's Almanac of Cold
 27927 | IceCv    | Got the ring of Urary {Ice Will- rCorr Int+2}
 28275 | D:3      | Bought a glowing longbow for 210 gold pieces
 28930 | D:12     | Found a staircase to the Orcish Mines.
 29109 | D:12     | Noticed Snorg
 29116 | D:12     | Killed Snorg
 29418 | D:13     | Reached XP level 16. HP: 116/129 MP: 6/32
 30404 | D:13     | Learned a level 6 spell: Statue Form
 30974 | D:3      | Bought a book of Transfigurations for 440 gold pieces
 31143 | D:13     | Acquired the +0 chain mail of Purpose {rElec Will+ rCorr
                  | Str+4}
 31615 | D:14     | Noticed Rupert
 31625 | D:14     | Killed Rupert
 32175 | D:14     | Found a gate to the Vaults.
 32593 | D:15     | Entered Level 15 of the Dungeon
 33045 | D:15     | Reached skill level 15 in Shields
 33142 | D:15     | Found a staircase to the Depths.
 34448 | Shoals:1 | Entered Level 1 of the Shoals
 34515 | Shoals:1 | Noticed Louise
 34524 | Shoals:1 | Killed Louise
 34525 | Shoals:1 | Reached XP level 17. HP: 135/135 MP: 3/34
 34527 | Shoals:1 | Noticed Mlioglotl
 34717 | Shoals:1 | Learned a level 5 spell: Fireball
 34844 | Lair:2   | Killed H0rd4k's ghost
 34918 | Spider:1 | Entered Level 1 of the Spider Nest
 35872 | Spider:1 | Reached skill level 5 in Fire Magic
 37160 | Spider:2 | Reached skill level 13 in Fighting
 38244 | Spider:3 | Reached skill level 5 in Dodging
 38749 | Spider:3 | Reached XP level 18. HP: 143/143 MP: 23/36
 39824 | Spider:4 | Entered Level 4 of the Spider Nest
 40910 | Spider:4 | Reached skill level 15 in Spellcasting
 42052 | Spider:4 | Learned a level 5 spell: Irradiate
 42423 | Spider:4 | Got a gossamer rune of Zot
 43018 | Shoals:1 | Killed Mlioglotl
 43290 | Shoals:2 | Noticed Sobaton's ghost (journeyman MiFi)
 43290 | Shoals:2 | Found a runed translucent door.
 43297 | Shoals:2 | Noticed Kirke
 43414 | Shoals:2 | Reached XP level 19. HP: 149/149 MP: 14/39
 43672 | Shoals:2 | Killed Kirke
 44182 | Shoals:2 | Noticed Polyphemus
 44252 | Shoals:2 | Noticed Ilsuiw
 44328 | Shoals:2 | Killed Polyphemus
 44659 | Shoals:2 | Killed Ilsuiw
 44932 | Shoals:2 | Found Posucs's Assorted Antiques.
 44939 | Shoals:2 | Bought a crude lajatang for 580 gold pieces
 44939 | Shoals:2 | Identified the +9 lajatang of Misery {vorpal, *Rage rElec
                  | Dex+4} (You bought it in a shop on level 2 of the Shoals)
 46012 | Shoals:3 | Reached skill level 10 in Dodging
 46408 | Shoals:4 | Entered Level 4 of the Shoals
 46686 | Shoals:4 | Identified the +1 plate armour "Zoggegot" {Stlth+}
 46971 | Shoals:4 | Reached skill level 10 in Earth Magic
 47229 | Shoals:4 | Found Rumud's Assorted Antiques.
 47238 | Shoals:4 | Bought a scroll of fog for 78 gold pieces
 47552 | Shoals:4 | Reached XP level 20. HP: 158/158 MP: 27/40
 47701 | Shoals:4 | Reached skill level 14 in Fighting
 47702 | Shoals:4 | Reached skill level 10 in Transmutations
 47721 | Shoals:4 | Got a barnacled rune of Zot
 48390 | D:3      | Bought a book of Blood for 308 gold pieces
 48393 | D:3      | Learned a level 2 spell: Sublimation of Blood
 48741 | Vaults:1 | Entered Level 1 of the Vaults
 48753 | Vaults:1 | Reached skill level 1 in Necromancy
 49177 | Vaults:1 | Reached skill level 5 in Necromancy
 49626 | D:3      | Bought a ring of protection from cold for 325 gold pieces
 50564 | Vaults:1 | Reached skill level 1 in Staves
 50655 | Vaults:1 | Found Ewel's Antique Armour Shoppe.
 51724 | Vaults:2 | Identified the ring "Mopti" {Fly rF+ Will+ Str+3 Dex+6}
 51815 | Vaults:2 | Reached skill level 5 in Staves
 52001 | Vaults:2 | Reached XP level 21. HP: 129/165 MP: 19/41
 53706 | Vaults:3 | Reached skill level 10 in Necromancy
 54155 | Vaults:3 | Found a staircase to the Crypt.
 54640 | Vaults:3 | Reached skill level 10 in Staves
 56400 | Vaults:4 | Reached XP level 22. HP: 172/172 MP: 6/42
 57582 | Orc:1    | Entered Level 1 of the Orcish Mines
 57802 | Orc:1    | Found Wuplaus's Book Boutique.
 57865 | Orc:1    | Bought the Collected Works on Intoxication for 480 gold
                  | pieces
 58027 | D:13     | Learned a level 4 spell: Olgreb's Toxic Radiance
 58731 | Orc:2    | Entered Level 2 of the Orcish Mines
 58764 | Orc:2    | Found a staircase to the Elven Halls.
 59078 | Orc:2    | Found Garunith's Jewellery Boutique.
 59181 | Orc:2    | Found Kiwneil's Jewellery Boutique.
 59290 | Orc:2    | Found Gebaiwucs's Antique Weapon Emporium.
 59295 | Orc:2    | Reached skill level 5 in Poison Magic
 59364 | Orc:2    | Found Soon's General Store.
 59428 | Orc:2    | Found Xuots's Antique Armour Emporium.
 59518 | Orc:2    | Found a shimmering blue altar of Sif Muna.
 59738 | Elf:1    | Entered Level 1 of the Elven Halls
 59786 | Elf:1    | Found a radiant altar of Vehumet.
 60089 | Elf:1    | Identified the +2 robe "Camios" {rPois Str+4 Stlth+}
 60328 | Elf:1    | Reached skill level 15 in Fighting
 61630 | Elf:2    | Noticed Saint Roka
 61636 | Elf:2    | Killed Saint Roka
 61647 | Elf:2    | Found a runed translucent gate.
 61647 | Elf:2    | Found a runed translucent gate.
 61648 | Elf:2    | Found a runed translucent gate.
 61986 | Elf:2    | Reached XP level 23. HP: 182/182 MP: 9/43
 62549 | Elf:3    | Entered Level 3 of the Elven Halls
 63155 | Elf:3    | Found a gateway to a bazaar.
 63426 | Elf:3    | Reached skill level 16 in Fighting
 63778 | Elf:3    | Identified the +4 morningstar of Cac Ubi {vorpal, Dex+3}
 63878 | Elf:3    | Identified the amulet of Pyromania {Acrobat Regen+ Str+4}
 63883 | Elf:3    | Identified the ring "Rauj" {Ice Will+ Str+8 Int-3}
 64014 | Elf:3    | Identified the +5 ring mail of the Cuttlefish {Str+3}
 64036 | Elf:3    | Identified the +5 giant club of Impatience {speed, Fragile
                  | rN+ SInv}
 64097 | Elf:3    | Identified the +3 scale mail of Dogmatism {-Tele rPois MP+9
                  | Str+6}
 64438 | Depths:1 | Entered Level 1 of the Depths
 64679 | Depths:1 | Found a gateway to Hell.
 64688 | Depths:1 | Reached skill level 10 in Ice Magic
 64912 | Depths:1 | Found Huixt's Jewellery Shoppe.
 64961 | Depths:1 | Found a radiant altar of Vehumet.
 65001 | Depths:1 | Found a viscous altar of Jiyva.
 65152 | Depths:1 | Identified the +5 ring mail of Analysis {rElec Int+3}
 65297 | Depths:1 | Learned a level 7 spell: Ozocubu's Refrigeration
 65722 | Depths:2 | Reached XP level 24. HP: 191/191 MP: 4/44
 66053 | Depths:2 | Noticed a juggernaut
 66070 | Depths:2 | Killed a juggernaut
 66137 | Depths:2 | Noticed a golden dragon
 66143 | Depths:2 | Killed a golden dragon
 66223 | Depths:2 | Identified the +6 scale mail of Zin's Hope {Int+4}
 66320 | Depths:2 | Found a one-way gate leading to the halls of Pandemonium.
 66578 | Depths:2 | Found a broken altar of Ashenzari.
 66929 | Depths:3 | Reached skill level 15 in Ice Magic
 67383 | Depths:3 | Found a one-way gateway to a ziggurat.
 67486 | Depths:3 | Reached XP level 25. HP: 197/197 MP: 26/44
 67672 | Depths:3 | Noticed an ancient lich
 67677 | Depths:3 | Killed an ancient lich
 67963 | Depths:3 | Found a one-way gate to the infinite horrors of the Abyss.
 68882 | Depths:3 | Found the amulet of the Four Winds {rN+ Will+++ Clar}
 68893 | Depths:3 | Identified the ring of Accord {EV+4 Dex+2 Stlth+}
 68894 | Depths:3 | Identified the ring of Iteot {Wiz rC- Int+4 Dex+9}
 68995 | Depths:4 | Entered Level 4 of the Depths
 69006 | Depths:4 | Noticed a juggernaut
 69013 | Depths:4 | Killed a juggernaut
 69609 | Depths:4 | Found a gate to the Realm of Zot.
 70384 | Bazaar   | Entered a bazaar
 70384 | Bazaar   | Found Nuiquschooz's Antique Armour Shoppe.
 70404 | Bazaar   | Found Nocracri's Book Shoppe.
 70434 | Bazaar   | Found Tep Kal's Jewellery Shoppe.
 70440 | Bazaar   | Bought the ring of Funon {+Blink rC+ Dex+3} for 453 gold
                  | pieces
 70452 | Bazaar   | Bought a brightly glowing ring mail for 243 gold pieces
 70452 | Bazaar   | Identified the +3 ring mail of the Blessed Realm {Dex+3
                  | Slay+2} (You bought it in a shop in a bazaar)
 70452 | Bazaar   | Bought a fine chain mail for 256 gold pieces
 70452 | Bazaar   | Identified the +7 chain mail of Muttered Phrases {Fly rC+
                  | rCorr} (You bought it in a shop in a bazaar)
 70452 | Bazaar   | Bought a pair of runed gloves for 202 gold pieces
 70923 | Vaults:1 | Bought an embroidered cloak for 307 gold pieces
 70923 | Vaults:1 | Bought a glowing scarf for 328 gold pieces
 71119 | Orc:1    | Bought a manual of Spellcasting for 960 gold pieces
 71369 | Vaults:5 | Entered Level 5 of the Vaults
 71372 | Vaults:5 | Reached skill level 17 in Fighting
 71376 | Vaults:5 | Reached XP level 26. HP: 208/208 MP: 25/46
 71498 | Vaults:4 | Reached skill level 18 in Fighting
 72011 | Vaults:5 | Noticed a dread lich
 72028 | Vaults:5 | Gained mutation: You are weak. (Str -2) [a cacodemon]
 72036 | Vaults:4 | Killed a dread lich
 72437 | Vaults:5 | Got the Guide on Freezing Earth
 72666 | Vaults:5 | Got a silver rune of Zot
 72667 | Vaults:5 | Identified the +1 ring mail of Javozamast {rPois rF- rN++
                  | Dex+4}
 72979 | Vaults:5 | Identified the amulet "Pidghiemn" {Reflect rF+ rCorr Str+3
                  | Dex+4 SH+5}
 73231 | Vaults:5 | Identified the +7 hand crossbow of Pyphearch {freeze,
                  | rElec}
 73474 | Vaults:5 | Reached skill level 19 in Fighting
 73666 | Vaults:5 | Learned a level 7 spell: Spellforged Servitor
 73673 | Vaults:5 | Learned a level 6 spell: Iron Shot
 74010 | Slime:1  | Entered Level 1 of the Pits of Slime
 74850 | Slime:4  | Reached XP level 27. HP: 205/221 MP: 9/49
 74995 | Slime:5  | Entered Level 5 of the Pits of Slime
 75131 | Slime:5  | Noticed the Royal Jelly
 75136 | Slime:5  | Killed the Royal Jelly
 75375 | Slime:5  | Identified the +1 chain mail of the Dragon {rElec rF+}
 75382 | Slime:5  | Reached skill level 10 in Conjurations
 75430 | Slime:5  | Got a slimy rune of Zot
 75437 | Slime:5  | Identified the +9 lajatang "Uqirch" {vorpal, Int+2 Dex+2}
 75464 | Slime:5  | Identified the +1 dagger of the Scorching Viper {holy,
                  | Contam MP+9 Str+6 SInv}
 75884 | Zot:1    | Entered Level 1 of the Realm of Zot
 75901 | Zot:1    | Noticed a shard shrike
 75904 | Zot:1    | Killed a shard shrike
 76044 | Zot:1    | Reached skill level 10 in Summonings
 76435 | Zot:2    | Noticed an orb of fire
 76559 | Zot:2    | Gained mutation: You passively dampen the noise of your
                  | surroundings. [an orb of fire]
 76567 | Zot:1    | Killed an orb of fire
 78731 | Zot:2    | Found the +4 dragonskin cloak
 78731 | Zot:2    | Noticed Tiamat
 78760 | Zot:2    | Killed Tiamat
 79034 | Zot:2    | Identified the +0 chain mail "Acelonn" {Fly rPois rF+}
 79045 | Zot:2    | Identified the +4 war axe of the Radish {vorpal, Str+3
                  | Stlth+}
 79046 | Zot:2    | Identified the +1 lajatang "Jecsiqam" {freeze, rF+ Int+6}
 79850 | Zot:1    | Noticed an orb of fire
 79858 | Zot:1    | Gained mutation: You are clumsy. (Dex -2) [an orb of fire]
 79859 | Zot:1    | Killed an orb of fire
 80142 | Vaults:1 | Learned a level 8 spell: Lehudib's Crystal Spear
 82322 | Zot:4    | Noticed a Killer Klown
 82326 | Zot:4    | a Killer Klown changed into a rockslime
 83519 | Zot:4    | Reached skill level 15 in Earth Magic
 84513 | Zot:4    | Identified the +10 arbalest "Fischiaf" {freeze, rF+ rN+}
 84572 | Zot:5    | Entered Level 5 of the Realm of Zot
 85669 | Zot:5    | Noticed a dread lich
 85741 | Zot:5    | Noticed an orb of fire
 85746 | Zot:5    | Killed a dread lich
 85747 | Zot:5    | Killed an orb of fire
 85938 | Zot:5    | Noticed a dread lich
 85946 | Zot:5    | Killed a dread lich
 85975 | Zot:5    | Noticed a Killer Klown
 85989 | Zot:5    | Killed a Killer Klown
 86116 | Zot:5    | Noticed an orb of fire
 86123 | Zot:5    | Killed an orb of fire
 86125 | Zot:5    | Noticed an orb of fire
 86127 | Zot:5    | Killed an orb of fire
 86245 | Zot:5    | Noticed an orb of fire
 86248 | Zot:5    | Noticed an orb of fire
 86248 | Zot:5    | Noticed an orb of fire
 86250 | Zot:5    | Gained mutation: Your magical capacity is low. (-10% MP)
                  | [an orb of fire]
 86250 | Zot:5    | Gained mutation: You sometimes lose the ability to read
                  | scrolls when taking damage. [an orb of fire]
 86250 | Zot:5    | Gained mutation: Your flesh is cold resistant. (rC+) [an
                  | orb of fire]
 86252 | Zot:5    | Gained mutation: You are very clumsy. (Dex -4) [an orb of
                  | fire]
 86252 | Zot:5    | Killed an orb of fire
 86259 | Zot:5    | Gained mutation: You are frail. (-10% HP) [an orb of fire]
 86268 | Zot:5    | Killed an orb of fire
 86609 | Zot:5    | Lost mutation: You are very clumsy. (Dex -4) [potion of
                  | mutation]
 86609 | Zot:5    | Lost mutation: You are frail. (-10% HP) [potion of
                  | mutation]
 86609 | Zot:5    | Lost mutation: You sometimes lose the ability to read
                  | scrolls when taking damage. [potion of mutation]
 86609 | Zot:5    | Gained mutation: You occasionally shout uncontrollably at
                  | your foes. [potion of mutation]
 86609 | Zot:5    | Gained mutation: Your movements are slightly less
                  | encumbered by armour. (ER -2) [potion of mutation]
 86688 | Zot:5    | Killed an orb of fire
 86736 | Zot:5    | Noticed an orb of fire
 86817 | Zot:5    | Killed an orb of fire
 87206 | Zot:5    | Reached skill level 20 in Fighting
 87279 | Zot:5    | Noticed an orb of fire
 87279 | Zot:5    | Noticed a Killer Klown
 87308 | Zot:5    | Gained mutation: You are frail. (-10% HP) [an orb of fire]
 87309 | Zot:5    | Killed an orb of fire
 87313 | Zot:5    | Noticed an orb of fire
 87315 | Zot:5    | Gained mutation: Your body sometimes deteriorates upon
                  | taking damage. [an orb of fire]
 87319 | Zot:5    | Killed a Killer Klown
 87321 | Zot:5    | Gained mutation: Your spells are a little easier to cast,
                  | but a little less powerful. [an orb of fire]
 87322 | Zot:5    | Lost mutation: You passively dampen the noise of your
                  | surroundings. [an orb of fire]
 87324 | Zot:5    | Gained mutation: You are very clumsy. (Dex -4) [an orb of
                  | fire]
 87329 | Zot:5    | Killed an orb of fire
 87335 | Zot:5    | Noticed an orb of fire
 87337 | Zot:5    | Gained mutation: Your magical capacity is very low. (-20%
                  | MP) [an orb of fire]
 87340 | Zot:5    | Killed an orb of fire
 87341 | Zot:5    | Reached skill level 21 in Fighting
 87343 | Zot:5    | Noticed an orb of fire
 87348 | Zot:5    | Killed an orb of fire
 87636 | Zot:5    | Lost mutation: Your spells are a little easier to cast, but
                  | a little less powerful. [potion of mutation]
 87636 | Zot:5    | Lost mutation: You are very clumsy. (Dex -4) [potion of
                  | mutation]
 87636 | Zot:5    | Lost mutation: Your body sometimes deteriorates upon taking
                  | damage. [potion of mutation]
 87636 | Zot:5    | Gained mutation: Your body sometimes deteriorates upon
                  | taking damage. [potion of mutation]
 87636 | Zot:5    | Gained mutation: You passively map a small area around you.
                  | [potion of mutation]
 87637 | Zot:5    | Lost mutation: You occasionally shout uncontrollably at
                  | your foes. [potion of mutation]
 87637 | Zot:5    | Lost mutation: Your magical capacity is very low. (-20% MP)
                  | [potion of mutation]
 87637 | Zot:5    | Lost mutation: You are clumsy. (Dex -2) [potion of
                  | mutation]
 87637 | Zot:5    | Lost mutation: You passively map a small area around you.
                  | [potion of mutation]
 87637 | Zot:5    | Gained mutation: You have sharp fingernails. [potion of
                  | mutation]
 87638 | Zot:5    | Lost mutation: You have sharp fingernails. [potion of
                  | mutation]
 87638 | Zot:5    | Lost mutation: Your body sometimes deteriorates upon taking
                  | damage. [potion of mutation]
 87638 | Zot:5    | Lost mutation: You are weak. (Str -2) [potion of mutation]
 87638 | Zot:5    | Gained mutation: You occasionally shout uncontrollably at
                  | your foes. [potion of mutation]
 87638 | Zot:5    | Gained mutation: You are partially covered in iridescent
                  | scales. (AC +2) [potion of mutation]
 87879 | Zot:5    | Got the Orb of Zot
 87916 | Zot:5    | Noticed an orb of fire
 87917 | Zot:5    | Gained mutation: You are clumsy. (Dex -2) [an orb of fire]
 87921 | Zot:5    | Killed an orb of fire
 87922 | Zot:5    | Reached skill level 22 in Fighting
 87951 | Zot:5    | Noticed Jeih the pandemonium lord
 87957 | Zot:5    | Killed Jeih the pandemonium lord
 88088 | Zot:3    | Noticed a seraph
 88095 | Zot:3    | Killed a seraph
 88242 | Zot:1    | Noticed Veusasis the pandemonium lord
 88250 | Zot:1    | Killed Veusasis the pandemonium lord
 88390 | Zot:1    | Reached skill level 23 in Fighting
 88504 | D:15     | Noticed Uforop the pandemonium lord
 88511 | D:15     | Killed Uforop the pandemonium lord
 88860 | D:$      | Escaped with the Orb!

Illustrated notes

Levels and vault maps discovered:
D:1:      dpeg_arrival_chambers_temple_mockup, layout_loops_ring, st_stairs_8,
          kennysheep_doodads, minivault_11, minmay_misc_feat_rugged,
          minmay_pentomino_s4
D:2:      layout_loops_ring
D:3:      layout_loops_cross, serial_shops, shop, shop, nicolae_shop_waterfront,
          hellmonk_ecumenical_altar_leap_of_faith
D:4:      layout_loops_cross, nemelex_dance_club_becter, old_standard_altar,
          corexii_item_surrounded_by_moat, hangedman_glass_teeth,
          minmay_crystal_water, st_stairs_2, uniq_crazy_yiuf_cottage,
          uniq_duvessa, uniq_menkaure
D:5:      layout_loops_ring, nzn_wu_jian_council_hall, temple_statues,
          serial_bayou_ford_a
D:6:      layout_rooms, mainiacjoe_overflow_concentric_impassable,
          hangedman_abyss_or_decor_jellyfish_corner, grunt_decor_resistance,
          minivault_25
D:7:      layout_loops_cross, nicolae_overflow_crystal_walls, uniq_maggie
D:8:      layout_cave_pods, gammafunk_temple_of_torment, sigmund_army
D:9:      layout_cave_pods, minitemple, grunt_lair_entry_orc_guard_hut
D:10:     layout_stronghold, overflow_temple_1_default, uniq_josephine,
          uniq_erolcha, uniq_gastronok
D:11:     layout_irregular_city
D:12:     layout_roguey, zombieorc1_lemuel, portal_ice_cave_entry_imps,
          uniq_snorg
D:13:     layout_long_grid, grunt_decor_mini_mirrors, minmay_misc_feat_roman
D:14:     layout_basic, david_vaults_4, uniq_rupert
D:15:     hangedman_depths_entry_civil_slaughter, layout_loops_corners,
          nicolae_benzene_ring, abandoned_shop, minmay_misc_feat_doors
Temple:   ebering_untended_altars
Lair:1:   layout_long_grid, basic_altar, nicolae_lair_lakeside_cave, uniq_sonja
Lair:2:   layout_long_grid, nicolae_spider_entry_non_spiders, special_room
          [special_room_bee], ebering_ghost_disaster_area, beast_lair_carwin_1
Lair:3:   layout_gridlike, minmay_shoals_entry_centaurs,
          minmay_stone_trees_medium, lemuel_fruit_tree
Lair:4:   layout_roguey, grunt_megastairs_3, infiniplex_staircase_pool_2,
          lemuel_fruit_fields
Lair:5:   layout_loops_ring, slime_altar_1, nicolae_quartered_pool_medium,
          beast_lair_carwin_7, grunt_megastairs_5
Lair:6:   gammafunk_lair_ancient_temple, layout_hall_layers,
          serial_bayou_shore_b, serial_bayou_shore_a, uniq_urug
Shoals:1: layout_shoals, uniq_louise, uniq_mlioglotl
Shoals:2: layout_shoals, gammafunk_ghost_grave, serial_shops,
          nicolae_diamond_shop, uniq_ilsuiw, uniq_polyphemus, uniq_kirke
Shoals:3: layout_shoals
Shoals:4: shoals_end_simple, layout_shoals, serial_shops, nicolae_lakefront_shop
Spider:1: layout_spider_delve
Spider:2: layout_spider_delve, nicolae_spider_orb_run
Spider:3: layout_chambers, special_room, lemuel_hornet_nest,
          nicolae_spider_cling_halls
Spider:4: grunt_spider_rune_circles, hangedman_spider_tarantella_strand
Slime:1:  layout_caves
Slime:2:  layout_caves, nicolae_slime_barrier,
          cheibrodos_slime_lost_civilization_4
Slime:3:  layout_caves
Slime:4:  layout_caves, cheibrodos_slime_lost_civilization_5
Slime:5
Orc:1:    layout_caves, serial_shops, shop
Orc:2:    grunt_orc_gardens, layout_caves, grunt_orc_garden, grunt_orc_garden,
          grunt_orc_garden, grunt_orc_garden, serial_shops,
          nicolae_shop_crystal, kennysheep_orc_sif_temple
Elf:1:    eino_elf_arrival_altar, layout_rooms, hangedman_corner_corridor,
          minmay_misc_feat_five
Elf:2:    nicolae_elf_blades_splatter_lattice [infiniplex_blade_entry_pillars],
          layout_geoelf_octagon, uniq_saint_roka
Elf:3:    minmay_elf_hall_dome, layout_gridlike, serial_shops,
          bzr_entry_customers, hangedman_decor_cross_pass
Vaults:1: v_misc_15, special_room_vaults [special_room_orc], v_misc_1,
          nicolae_vaults_circle_grid_a, hangedman_vaults_slice, v_misc_22,
          vaults_room_door_ring, nicolae_vaults_rhombus_5,
          layout_vaults_quadrants, serial_shops, shop
Vaults:2: nicolae_vaults_network_star, nicolae_vaults_three_branches,
          hangedman_vaults_locks, grunt_vaults_trifunnel, nicolae_vaults_theta,
          nicolae_vaults_little_squares_1, vaults_room_pools,
          nicolae_vaults_little_ls, vaults_dpeg_hooks, special_room_vaults
          [special_room_orc], v_misc_9, nicolae_vaults_little_squares_3,
          vaults_dpeg_diagonal, layout_vaults_big_room
Vaults:3: nicolae_vaults_diagonal_hallway_7, nicolae_vaults_yaktaur_gun_rack,
          vaults_room_grid, nicolae_vaults_ring_of_whatevers, v_rooms_4,
          v_pattern_3, nicolae_vaults_mini_display_case,
          minmay_crypt_entry_simple_walls, v_misc_10, vaults_room_corners,
          layout_vaults_omnicross
Vaults:4: grunt_vaults_funneled_arena, nicolae_vaults_network_quinsquares
          [nicolae_vaults_network_quincunx_subvault,
          nicolae_vaults_network_quincunx_subvault,
          nicolae_vaults_network_quincunx_subvault,
          nicolae_vaults_network_quincunx_subvault], vaults_room_octagon,
          v_misc_16, vaults_mumra_chevron_long, v_misc_13, v_pattern_5,
          hangedman_vaults_stretched_pinwheel, v_misc_27, vaults_room_pool,
          grunt_vaults_hallway_long, serial_ice_b, layout_vaults_omnibox
Vaults:5: serial_shops
Depths:1: layout_basic, special_room [special_room_jelly], serial_shops, shop,
          hell_entry, nicolae_vehumet_altar_sigil
Depths:2: minmay_octo_star, layout_gridlike, pf_vacation_house_of_asmodeus,
          ashenzari_conservatory_becter, rand_demon_pan_entry_3
Depths:3: lemuel_river_lethe, abyss_entry, hell_entry
Depths:4: grunt_zot_entry_funnels, layout_cave_shapes, pf_hell_entry_tar_river,
          hangedman_decor_growths, serial_bayou_pond_e
Zot:1:    layout_gridlike, hangedman_zot_spectrum
Zot:2:    layout_twisted_circle, st_grand_hoard_of_tiamat
Zot:3:    layout_onion, grunt_ministairs_1
Zot:4:    layout_cellular_growth, st_small_dragon_hoard_3,
          st_single_dragon_hoard_3
Zot:5:    layout_gridlike

Skill      XL: |  1  2  3  4  5  6  7  8  9 10 11 12 13 14 15 16 17 18 19 20 21 22 23 24 25 26 27 |
---------------+----------------------------------------------------------------------------------+-----
Fighting       | 1 2 3 4 6 7 8 9 10 11 12 13 14 15 16 17 19 23 | 23.1
Stealth        | 3 4 5 |  5.0
Earth Magic    | 4 5 6 7 10 11 20 | 20.0
Conjurations   | 1 2 3 5 6 7 8 14 | 14.0
Spellcasting   | 3 4 6 7 8 9 10 11 12 13 14 16 17 19 22 | 22.2
Transmutations | 3 5 6 9 10 | 10.0
Shields        | 3 5 6 8 9 10 11 15 17 20 | 20.0
Invocations    | 3 5 7 8 9 11 | 11.4
Armour         | 2 4 6 |  6.4
Poison Magic   | 3 8 |  8.5
Fire Magic     | 2 7 |  7.0
Air Magic      | 1 2 4 |  4.6
Ice Magic      | 2 5 6 11 15 | 15.1
Summonings     | 4 6 7 13 | 13.4
Translocations | 3 6 |  6.0
Dodging        | 3 5 8 10 | 10.0
Necromancy     | 8 10 | 10.0
Staves         | 6 12 14 | 14.0

Action                   |  1- 3 |  4- 6 |  7- 9 | 10-12 | 13-15 | 16-18 | 19-21 | 22-24 | 25-27 || total
-------------------------+-------+-------+-------+-------+-------+-------+-------+-------+-------++-------
Melee: Unarmed           |    19 |       |       |       |       |       |       |       |       ||    19
       Punch             |     2 |     2 |       |       |       |       |       |       |       ||     4
       Short sword       |    98 |    57 |       |       |       |       |       |       |       ||   155
       Spear             |       |       |     9 |       |       |       |       |       |       ||     9
       Scimitar          |       |       |       |     1 |       |       |       |       |       ||     1
       Trident           |       |       |       |    22 |    18 |    17 |       |       |       ||    57
       Staff             |       |       |       |       |     9 |     1 |     1 |     4 |     5 ||    20
       Demon trident     |       |       |       |       |       |    47 |    14 |       |       ||    61
       Battleaxe         |       |       |       |       |       |     6 |       |       |       ||     6
       Lajatang          |       |       |       |       |       |       |    36 |   240 |   385 ||   661
 Fire: Hunting sling     |       |    21 |    87 |    56 |     4 |       |       |       |       ||   168
       Longbow           |       |       |       |       |     9 |   203 |    38 |     7 |       ||   257
Throw: Dart              |       |     3 |       |       |       |       |       |       |       ||     3
       Throwing net      |       |       |       |       |       |       |       |       |     2 ||     2
 Cast: Sandblast         |    20 |    47 |    17 |     7 |       |       |       |       |       ||    91
       Stone Arrow       |       |       |   116 |   182 |   534 |   611 |   371 |   312 |    30 ||  2156
       Petrify           |       |       |     2 |     3 |     1 |       |       |       |       ||     6
       Iskenderun's Batt |       |       |       |    46 |   149 |   183 |   162 |    51 |     6 ||   597
       Mephitic Cloud    |       |       |       |     6 |       |     3 |     4 |       |       ||    13
       Ignite Poison     |       |       |       |     1 |       |     1 |       |   117 |    42 ||   161
       Freezing Cloud    |       |       |       |     2 |    16 |    18 |    35 |     6 |     2 ||    79
       Passwall          |       |       |       |     1 |       |       |       |       |    23 ||    24
       Summon Forest     |       |       |       |       |     6 |     4 |     2 |     1 |     1 ||    14
       Apportation       |       |       |       |       |     4 |       |       |     2 |       ||     6
       Statue Form       |       |       |       |       |       |    13 |    31 |    43 |    77 ||   164
       Fireball          |       |       |       |       |       |    22 |   230 |    40 |    41 ||   333
       Irradiate         |       |       |       |       |       |     3 |    20 |    23 |    31 ||    77
       Sublimation of Bl |       |       |       |       |       |       |    12 |       |       ||    12
       Olgreb's Toxic Ra |       |       |       |       |       |       |       |   226 |    92 ||   318
       Ozocubu's Refrige |       |       |       |       |       |       |       |    16 |   214 ||   230
       Iron Shot         |       |       |       |       |       |       |       |       |   111 ||   111
       Spellforged Servi |       |       |       |       |       |       |       |       |    79 ||    79
       Lehudib's Crystal |       |       |       |       |       |       |       |       |    48 ||    48
Invok: Slouch            |       |       |       |     1 |     2 |     3 |     3 |       |       ||     9
       Bend Time         |       |       |       |     1 |     1 |     1 |       |       |       ||     3
       Step From Time    |       |       |       |       |     1 |     1 |       |       |     1 ||     3
       Temporal Distorti |       |       |       |       |       |     1 |     3 |       |     3 ||     7
 Abil: Dig               |       |       |       |       |       |     3 |       |     2 |       ||     5
       End Transformatio |       |       |       |       |       |     1 |     3 |       |     4 ||     8
Evoke: Wand              |       |       |       |       |       |     1 |     2 |       |       ||     3
       Phantom mirror    |       |       |       |       |       |       |       |       |     1 ||     1
  Use: Potion            |       |     1 |       |       |     1 |     1 |     6 |       |    12 ||    21
       Scroll            |       |       |       |    16 |     8 |     7 |     3 |     3 |    10 ||    47
 Stab: Sleeping          |     5 |     6 |       |       |       |       |       |       |       ||    11
       Distracted        |     1 |       |       |       |       |       |       |       |     4 ||     5
       Petrified         |       |       |     8 |     6 |       |       |       |       |       ||    14
       Invisible         |       |       |       |       |       |     2 |       |       |       ||     2
       Confused          |       |       |       |       |       |       |     1 |       |       ||     1
Armor: Robe              |    21 |    12 |     8 |       |       |       |       |       |       ||    41
       Steam dragon scal |       |       |     6 |    24 |    29 |       |       |       |       ||    59
       Ring mail         |       |       |     1 |       |       |       |       |       |       ||     1
       Animal skin       |       |       |       |       |     6 |    31 |    12 |     2 |    12 ||    63
       Skin              |       |       |       |       |       |    66 |    33 |   141 |   175 ||   415
Dodge: Dodged            |    92 |    37 |    50 |    33 |    49 |   134 |   154 |   267 |   427 ||  1243
       Repelled          |       |       |       |       |       |     1 |     7 |     8 |    42 ||    58
Block: Buckler           |       |       |     6 |     4 |       |       |       |       |       ||    10
       Kite shield       |       |       |       |    28 |    68 |       |       |       |       ||    96
       Tower shield      |       |       |       |       |    59 |   601 |   504 |   817 |  1104 ||  3085
       Reflection        |       |       |       |       |       |       |       |       |    23 ||    23
